AoeStats
← Thyphon06

Black Forest

504736036Analyzed
4v4 RM · 25d ago on Sep 6, 2026· 50m 57s· 8 players
Game mode
Random Map
Map size
Large (8 player)
Population
200
Speed
Normal
Resources
Standard
Victory
Conquest
Starting age
Dark Age
Ending age
Imperial Age
RankedLock teamsTeams togetherTeam positionsShared explorationLock speedFull tech treeHidden civsTurbo modeCheats
Victory
Defeat
🇦🇷 Portuguese · Argentina
1265
+14
🇹🇷 Italians · Türkiye
1259
+14
🇨🇿 Celts · Czechia
1250
+15
🇨🇳 Dravidians · China
1206
+16
🇫🇷 Burgundians · France
1234
-15
🇹🇷 Britons · Türkiye
1226
-15
🇵🇱 Georgians · Poland
1219
-15
🇫🇷 Mongols · France
1193
-14
Blondie
8:33 Loom
11:19 Feudal Age
16:35 Castle Age
16:02 Double-Bit Axe
17:27 Horse Collar
18:55 Heavy Plow
19:07 Bow Saw
19:54 Wheelbarrow
26:45 Gold Mining
30:58 Imperial Age
29:52 Gold Shaft Mining
29:16 Stone Mining
30:15 Fletching
30:26 Padded Archer Armor
31:18 Hand Cart
31:03 Onager
32:06 Drill
31:55 Siege Engineers
32:57 Stone Shaft Mining
34:07 Bodkin Arrow
34:28 Leather Archer Armor
34:17 Squires
33:37 Pikeman
34:31 Siege Onager
36:04 Bracer
36:30 Forging
36:21 Scale Mail Armor
36:26 Scale Barding Armor
39:08 Murder Holes
40:12 Iron Casting
39:53 Chain Mail Armor
39:58 Chain Barding Armor
44:33 Blast Furnace
44:03 Plate Mail Armor
BlueStaR
1:00 Loom
7:05 Double-Bit Axe
8:06 Horse Collar
9:47 Wheelbarrow
13:48 Feudal Age
12:35 Gold Mining
12:36 Stone Mining
17:39 Castle Age
16:46 Bow Saw
17:09 Heavy Plow
26:35 Burgundian Vineyards
30:55 Imperial Age
28:41 Scale Barding Armor
29:12 Forging
29:34 Scale Mail Armor
29:54 Chain Barding Armor
32:13 Two-Man Saw
31:59 Conscription
32:41 Chemistry
32:26 Iron Casting
32:07 Chain Mail Armor
32:43 Crop Rotation
34:26 Cavalier
37:24 Plate Barding Armor
37:42 Plate Mail Armor
38:12 Blast Furnace
37:26 Paladin
39:31 Husbandry
40:48 Blast Furnace
Pitry2012
10:58 Feudal Age
15:15 Castle Age
13:56 Double-Bit Axe
18:24 Wheelbarrow
18:56 Fishing Lines
20:40 Horse Collar
24:17 Bow Saw
Thyphon06
0:31 Loom
13:41 Feudal Age
14:08 Double-Bit Axe
14:04 Horse Collar
20:33 Castle Age
20:47 Stone Mining
23:20 Wheelbarrow
22:37 Gold Mining
23:04 Bow Saw
26:16 Fortified Wall
27:02 Heavy Plow
33:14 Imperial Age
31:44 Hand Cart
35:51 Gold Shaft Mining
36:33 Ballistics
37:14 Chemistry
37:18 Two-Man Saw
35:45 Crossbowman
36:46 Arbalester
37:51 Conscription
38:37 Padded Archer Armor
38:27 Fletching
39:19 Warwolf
39:18 Murder Holes
39:43 Leather Archer Armor
40:37 Onager
42:46 Ring Archer Armor
42:11 Bodkin Arrow
43:36 Yeomen
pengbang
1:22 Loom
13:01 Feudal Age
15:07 Horse Collar
15:19 Double-Bit Axe
18:45 Castle Age
17:18 Fletching
19:41 Bodkin Arrow
20:24 Bow Saw
25:07 Heavy Plow
26:00 Padded Archer Armor
27:02 Gold Mining
27:45 Leather Archer Armor
28:23 Forging
33:55 Imperial Age
31:50 Scale Mail Armor
32:53 Wheelbarrow
32:04 Town Watch
32:36 Stone Mining
34:53 Hand Cart
34:40 Town Patrol
35:49 Chemistry
34:11 Capped Ram
35:48 Bracer
36:18 Ring Archer Armor
38:31 Iron Casting
38:18 Bombard Tower
47:28 Elite Genoese Crossbowman
49:26 Ballistics
Franco Colapinto
1:10 Loom
12:29 Feudal Age
17:15 Castle Age
15:15 Fishing Lines
15:29 Fishing Lines
15:41 Double-Bit Axe
18:15 Bow Saw
20:26 Gillnets
22:00 Town Watch
23:13 Gold Mining
23:13 Stone Mining
26:04 Wheelbarrow
26:02 Horse Collar
27:19 Stone Shaft Mining
28:11 Hand Cart
28:45 Heavy Plow
29:58 Town Patrol
34:05 Imperial Age
31:52 Fletching
32:31 Ballistics
32:16 Murder Holes
32:02 Treadmill Crane
33:13 Bodkin Arrow
33:18 Padded Archer Armor
33:21 Caravan
34:36 Guard Tower
36:09 Two-Man Saw
35:43 Crop Rotation
35:36 Conscription
35:17 Arquebus
36:36 Chemistry
35:40 Elite Organ Gun
39:32 Bombard Tower
39:48 Keep
40:30 Siege Engineers
41:28 Guilds
41:27 Capped Ram
xxxibgdrgn
11:21 Feudal Age
15:05 Castle Age
12:56 Double-Bit Axe
13:34 Fishing Lines
14:52 Loom
16:05 Bow Saw
17:03 Wheelbarrow
18:19 Horse Collar
24:45 Heavy Plow
24:34 Town Watch
24:46 Gold Mining
24:46 Stone Mining
25:03 Gillnets
25:57 Hand Cart
29:15 Imperial Age
27:30 Fletching
27:40 Padded Archer Armor
28:15 Bodkin Arrow
29:32 Medical Corps
30:14 Husbandry
29:42 Elite Elephant Archer
30:28 Thumb Ring
31:42 Chemistry
31:09 Bracer
32:31 Conscription
32:38 Leather Archer Armor
37:37 Ballistics
37:50 Ring Archer Armor
39:24 Town Patrol
40:30 Two-Man Saw
44:06 Forging
43:56 Scale Mail Armor
44:22 Bombard Tower
44:13 Fortified Wall
44:00 Murder Holes
47:43 Guard Tower
47:44 Heated Shot
48:05 Masonry
48:06 Careening
47:42 Arrowslits
48:17 Shipwright
48:08 Clinker Construction
48:03 Siphons
HaxorRomadur
4:51 Loom
11:32 Feudal Age
15:50 Castle Age
22:47 Fishing Lines
24:37 Double-Bit Axe
28:03 Bow Saw
27:56 Scale Mail Armor
27:59 Gillnets
29:04 Horse Collar
30:50 Wheelbarrow
30:14 Gold Mining
30:15 Stone Mining
31:14 Chain Mail Armor
31:09 Forging
30:56 Arson
34:51 Imperial Age
32:59 Iron Casting
33:15 Heavy Plow
35:57 Gold Shaft Mining
35:02 Onager
35:04 Capped Ram
36:07 Conscription
35:37 Elite Woad Raider
37:28 Plate Mail Armor
37:59 Blast Furnace
38:15 Heavy Scorpion
40:01 Furor Celtica
40:29 Hoardings
40:21 Ballistics
40:08 Siege Engineers
41:08 Chemistry
40:30 Siege Ram
42:20 Siege Onager
46:21 Masonry
47:12 Chemistry
47:27 Fletching
47:45 Scale Barding Armor
49:30 Caravan
Connection lost

Rejoining the realm…

Still unreachable

The connection could not be restored.

Session expired

The server has moved on; the page needs a fresh start.